 Dungeon Sprint DCSS version bcrawl-1.19.2-6-g6a88ae04c9 (webtiles) character file.

Game seed: 6952395182456891165

3003 pasperui the Fighter (level 9, 0/91 HPs)
             Began as a White Draconian Transmuter on Jan 5, 2020.
             Was a High Priest of Okawaru.
             Slain by a sixfirhy (9 damage)
             ... summoned by a kobold demonologist
             ... in the Dungeon (Sprint VII: "The Pits").
             The game lasted 00:05:53 (1081 turns).

pasperui the Fighter (White Draconian Transmuter)   Turns: 1081, Time: 00:05:54

Health: 0/91       AC:  7    Str: 19    XL:     9   Next: 54%
Magic:  9/18       EV: 12    Int: 17    God:    Okawaru [*****.]
Gold:   0          SH:  0    Dex: 11    Spells: 6/12 levels left

rFire    . . .     SeeInvis .     - Unarmed
rCold    + . .     Gourm    .   (shield currently unavailable)
rNeg     . . .     Faith    .   (armour unavailable)
rPois    .         Spirit   .   (helmet restricted)
rElec    .         Reflect  .   (no cloak)
rCorr    .         Harm     .   (gloves currently unavailable)
MR       .....     NoTele   +   (no boots)
Stlth    +.........             (no amulet)
HPRegen  0.25/turn              r - +3 ring of intelligence
MPRegen  0.16/turn              s - +3 ring of strength

@: short of breath, blade hands (expiring)
A: breathe frost, unfitting armour, cold resistance 1, cold-blooded, AC +7
a: Breathe Frost, End Transformation, Heroism, Finesse, Renounce Religion


You were in the Dungeon.
You worshipped Okawaru.
Okawaru was extremely pleased with you.
You were very hungry.
You had blades for hands.
You visited 1 branch

Inventory:

Missiles
 a - 120 arrows
 o - 10 stones (quivered)
Armour
 w - a +0 pair of gloves (melded)
Magical Staves
 p - an uncursed staff of energy
Jewellery
 r - a +3 ring of intelligence (left scythe-like blade)
 s - a +3 ring of strength (right scythe-like blade)
Scrolls
 j - a scroll of blinking
 k - 2 scrolls of vulnerability
 l - 3 scrolls of remove curse
 m - 5 scrolls of amnesia
 n - a scroll of summoning
Potions
 b - 2 potions of invisibility
 c - a potion of lignification
 e - 6 potions of curing
 f - 8 potions of heal wounds
 g - a potion of haste
 h - 4 potions of magic
 i - 3 potions of berserk rage
 t - a potion of mutation
 u - a potion of brilliance
 v - 3 potions of might
Comestibles
 d - 9 rations {!d}
 q - 6 chunks of flesh


   Skills:
 - Level 12.5 Fighting
 - Level 1.7 Dodging
 - Level 12.2 Unarmed Combat
 - Level 2.0 Spellcasting
 - Level 9.2 Transmutations
 * Level 12.5 Invocations


You had 6 spell levels left.
You knew the following spells:

 Your Spells              Type           Power        Failure   Level  Hunger
a - Beastly Appendage     Tmut           ####..       11%         1    #......
b - Blade Hands           Tmut           ####......   50%         5    ######.

Your spell library contained the following spells:

 Spells                   Type           Power        Failure   Level  Hunger
 Sticks to Snakes         Tmut           ####....     13%         2    ###....
 Spider Form              Tmut/Pois      ###          43%         3    ###....
 Ice Form                 Ice/Tmut       ###.....     71%         4    #####..


Dungeon Overview and Level Annotations

Branches:
Dungeon (1/1)

Altars:
Ashenzari
Cheibriados
Dithmenos
Elyvilon
Fedhas
Gozag
Hepliaklqana
Kikubaaqudgha
Lugonu
Makhleb
Nemelex Xobeh
Okawaru
Qazlal
Ru
Sif Muna
Trog
Uskayaw
Vehumet
Wu Jian
Xom
Yredelemnul
Zin
The Shining One
Beogh
Jiyva


Innate Abilities, Weirdness & Mutations

You can breathe waves of freezing cold.
You can buffet flying creatures when you breathe cold.
Your icy white scales are hard. (AC +7)
You cannot fit into any form of body armour.
Your flesh is cold resistant. (rC+)
You are cold-blooded and may be slowed by cold attacks.


Message History

You feel much better.
The two-headed ogre barely misses you. x2
You shred the two-headed ogre!!!
The two-headed ogre is almost dead.
Your transformation is almost over.
The kobold demonologist gestures wildly while chanting.
You shred the two-headed ogre!!!
You kill the two-headed ogre!
Okawaru is honoured by your kill.
You can now speed up your combat.
Okawaru will gift you equipment as you gain piety.
Your Invocations skill gained 2 levels and is now at level 12!
The kobold demonologist casts a cantrip, but nothing happens.
You miss the ufetubus.
Your tail-slap misses the ufetubus.
Your slash misses the ufetubus. The sixfirhy hits you! The sixfirhy shocks you!
* * * LOW HITPOINT WARNING * * *
You are feeling very hungry.
You miss the sixfirhy.
Your tail-slap misses the sixfirhy.
The sixfirhy hits you!
* * * LOW HITPOINT WARNING * * *
The sixfirhy shocks you!
You die...

############
#_________.#
#_________.#
#_______...##########
##########'##........
#....')))'.##......#.
##########.##........
#.).@35.....'........
#'#####K#####......#.
#.#..#...'.##..O.....
#.#..#...#.#####'####
#.#..#####.##.......#
#.#..'...#.##.......#
#.#..'...รท.##.......#
#.#..########...<...#
#.#..'.)))[##.......#


You could see a kobold demonologist, a sixfirhy and an ufetubus.

Vanquished Creatures
  2 two-headed ogres (D)
  A deep troll (D)
  2 komodo dragons (D)
  A fire bat (D)
  A floating eye (D)
  An orc warrior (D)
  A bullfrog (D)
  2 gnoll sergeants (D)
  2 crimson imps (D)
  2 orc wizards (D)
  An iron imp (D)
  A worker ant (D)
  2 gnolls (D)
  A white imp (D)
  An ufetubus (D)
  3 orcs (D)
  A bat (D)
  2 bat skeletons (D)
  A goblin (D)
  A quokka (D)
  A ball python (D)
  A jackal skeleton (D)
31 creatures vanquished.

Notes
Turn   | Place    | Note
-------+----------+-------------------------------------------
     0 | D        | pasperui the Draconian Transmuter began the quest for the
                  | Orb.
     0 | D        | Reached XP level 1. HP: 16/16 MP: 3/3
     8 | D        | Noticed a floating eye
    14 | D        | Killed a floating eye
    14 | D        | Reached XP level 2. HP: 23/23 MP: 3/5
    14 | D        | Reached XP level 3. HP: 28/28 MP: 3/6
    14 | D        | Reached XP level 4. HP: 35/35 MP: 3/7
    42 | D        | Found a bloodstained altar of Trog.
    42 | D        | Found a shimmering blue altar of Sif Muna.
    42 | D        | Found a viscous altar of Jiyva.
    42 | D        | Found a hazy altar of Hepliaklqana.
    42 | D        | Found an opulent altar of Gozag.
    43 | D        | Found a glowing golden altar of the Shining One.
    43 | D        | Found a glowing silver altar of Zin.
    43 | D        | Found a basalt altar of Yredelemnul.
    43 | D        | Found a shimmering altar of Xom.
    43 | D        | Found an ornate altar of the Wu Jian Council.
    43 | D        | Found a sacrificial altar of Ru.
    43 | D        | Found a stormy altar of Qazlal.
    43 | D        | Found an iron altar of Okawaru.
    43 | D        | Found a sparkling altar of Nemelex Xobeh.
    43 | D        | Found a burning altar of Makhleb.
    43 | D        | Found a blossoming altar of Fedhas.
    43 | D        | Found a white marble altar of Elyvilon.
    43 | D        | Found a shadowy altar of Dithmenos.
    43 | D        | Found a snail-covered altar of Cheibriados.
    45 | D        | Found a radiant altar of Vehumet.
    45 | D        | Found a corrupted altar of Lugonu.
    45 | D        | Found a roughly hewn altar of Beogh.
    46 | D        | Found a hide-covered altar of Uskayaw.
    46 | D        | Found an ancient bone altar of Kikubaaqudgha.
    46 | D        | Found a shattered altar of Ashenzari.
    52 | D        | Became a worshipper of Warmaster Okawaru
   361 | D        | Reached skill level 5 in Unarmed Combat
   426 | D        | Reached XP level 5. HP: 33/40 MP: 6/8
   479 | D        | Reached XP level 6. HP: 39/47 MP: 7/9
   541 | D        | Learned a level 5 spell: Blade Hands
   545 | D        | Noticed an orc warrior
   549 | D        | Killed an orc warrior
   549 | D        | Reached * piety under Okawaru
   561 | D        | Your scales start taking on an icy white colour.
   561 | D        | Reached XP level 7. HP: 38/52 MP: 5/10
   561 | D        | Gained mutation: Your flesh is cold resistant. (rC+) [White
                  | Draconian growth]
   667 | D        | Noticed a komodo dragon
   667 | D        | Noticed a two-headed ogre
   683 | D        | Killed a two-headed ogre
   683 | D        | Reached ** piety under Okawaru
   683 | D        | Reached *** piety under Okawaru
   683 | D        | Reached XP level 8. HP: 82/82 MP: 5/11
   691 | D        | Killed a komodo dragon
   958 | D        | Noticed a deep troll
   979 | D        | Killed a deep troll
   979 | D        | Reached **** piety under Okawaru
  1026 | D        | Noticed a komodo dragon
  1036 | D        | Killed a komodo dragon
  1036 | D        | Reached XP level 9. HP: 89/91 MP: 8/16
  1045 | D        | Noticed a two-headed ogre
  1046 | D        | Noticed a kobold demonologist
  1076 | D        | Reached skill level 10 in Invocations
  1079 | D        | Noticed a sixfirhy
  1079 | D        | Killed a two-headed ogre
  1079 | D        | Reached ***** piety under Okawaru
  1081 | D        | Slain by a sixfirhy

Skill      XL: |  1  2  3  4  5  6  7  8  9 |
---------------+----------------------------+-----
Transmutations | 9 |  9.2
Unarmed Combat | 6 9 12 | 12.2
Fighting       | 11 12 | 12.5
Invocations    | 9 12 | 12.5
Dodging        | |  1.7
Spellcasting   | |  2.0

Action                   |  1- 3 |  4- 6 |  7- 9 || total
-------------------------+-------+-------+-------++-------
Melee: Unarmed           |     4 |    92 |    23 ||   119
       Kick              |     2 |     5 |       ||     7
       Tailslap          |       |    10 |       ||    10
       Headbutt          |       |     5 |       ||     5
       Punch             |       |     1 |       ||     1
 Cast: Beastly Appendage |     1 |     8 |       ||     9
       Blade Hands       |       |     1 |     4 ||     5
 Abil: Breathe Frost     |       |       |     2 ||     2
  Use: Potion            |       |     2 |     1 ||     3
  Eat: Chunk             |       |       |     2 ||     2
Armor: Skin              |       |    22 |    15 ||    37
Dodge: Dodged            |       |    51 |    24 ||    75
